 Dungeon Crawl Stone Soup version 0.31-a0-229-g1fc7ce93e2 (webtiles) character file.

Game seed: 15872895426141382810

256 qw the Shooter (level 5, -1/46 HPs)
             Began as a Minotaur Hexslinger on July 6, 2023.
             Was an Initiate of Okawaru.
             Slain by Sigmund
             ... wielding a +0 scythe of venom
              (5 damage)
             ... on level 4 of the Dungeon.
             The game lasted 00:01:02 (2355 turns).

qw the Shooter (Minotaur Hexslinger)                Turns: 2355, Time: 00:01:02

Health: -1/46      AC: 11    Str: 19    XL:     5   Next: 92%
Magic:  5/5        EV: 12    Int: 10    God:    Okawaru [......]
Gold:   173        SH:  0    Dex: 14    Spells: 5/6 levels left

rFire   . . .        Y - +2 sling
rCold   . . .        (no shield)
rNeg    . . .        f - +3 leather armour
rPois   .            g - +2 hat
rElec   .            (no cloak)
rCorr   .            b - +2 pair of gloves {hurl}
SInv    .            (no boots)
Will    .....        (no amulet)
Stlth   +            h - +6 ring of strength
HPRegen 0.27/turn    (no ring)
MPRegen 0.09/turn

%: no passive effects
@: lethally poisoned (-1 -> -16)
A: horns 2, retaliatory headbutt
a: Renounce Religion


You were on level 4 of the Dungeon.
You worshipped Okawaru.
Okawaru was noncommittal.
You visited 1 branch of the dungeon, and saw 4 of its levels.

You collected 173 gold pieces.


Innate Abilities, Weirdness & Mutations

You have a pair of horns on your head.
You reflexively headbutt those who attack you in melee.


   Skills:
 - Level 4.3 Fighting
 + Level 5.6 Ranged Weapons
 - Level 2.1 Dodging
 - Level 1.0 Spellcasting
 - Level 2.0 Hexes


You had 5 spell levels left.
You knew the following spells:

 Your Spells              Type           Power      Damage    Failure   Level
a - Slow                  Hex            16%        N/A       19%         1

Your spell library contained the following spells:

 Spells                   Type           Power      Damage    Failure   Level
 Inner Flame              Hex/Fire       2%         N/A       63%         3
 Portal Projectile        Hex/Tloc       4%         N/A       63%         3
 Cause Fear               Hex            2%         N/A       87%         4

Inventory:

Hand Weapons
 Y - a +2 sling (weapon)
Armour
 b - a +2 pair of gloves of hurling (worn)
 f - a +3 leather armour (worn)
 g - a +2 hat (worn)
Jewellery
 d - a ring of ice
 h - a +6 ring of strength (left hand)
Scrolls
 k - a scroll of identify
Potions
 a - a potion of heal wounds
 e - a potion of haste
 j - a potion of resistance {unknown}

Dungeon Overview and Level Annotations

Branches:
Dungeon (4/15)
 Temple: D:4-7

Altars:
Ashenzari
Cheibriados
Dithmenos
Makhleb
Okawaru
Sif Muna
Uskayaw
Vehumet
Zin

Shops:
D:1 !

Annotations:
D:4 Sigmund


Message History

You feel very sick.
You shoot a sling bullet. The sling bullet hits Sigmund.
Sigmund is severely wounded.
You feel very sick.
Sigmund hits you from afar with a +0 scythe of venom.
You are more poisoned.
You shoot a sling bullet.
The sling bullet closely misses Sigmund.
The sling bullet hits the endoplasm.
You kill the endoplasm!
Okawaru accepts your kill.
You feel very sick.
Sigmund casts a spell.
Sigmund flickers and vanishes!
Deactivating autopickup; reactivate with Ctrl-A.
You shoot a sling bullet.
You feel very sick.
You hear some strange, mumbled words.
You are confused.
You shoot a sling bullet.
You feel sick. Something hits you.
You are lethally poisoned!
You shoot a sling bullet.
You feel very sick.
You hear some strange, mumbled words.
A puff of flame appears from out of thin air!
The puff of flame misses you.
You shoot a sling bullet.
You feel very sick.
A magic dart appears from out of thin air!
The magic dart hits you but does no damage.
You shoot a sling bullet.
You feel very sick. Something hits you but does no damage.
You are more poisoned.
You shoot a sling bullet.
You feel less confused.
You feel very sick. Something hits you.
You die...

....... .....
..... ... .%.
. #{# #..
######'###....
#.....@...#
#.........#
#.........#
#.........#
#.........##
#............
#............>
#.............
#.............


There were no monsters in sight!

Vanquished Creatures
  An ogre (D:3)
  Jessica (D:3)
  Natasha (D:3)
  Terence (D:3)
  Robin (D:3)
  3 adders (D:2)
  2 dart slugs
  3 bats (D:2)
  4 endoplasms
  3 giant cockroaches
  15 goblins
  6 hobgoblins
  4 kobolds
  2 quokkas
  6 ball pythons
  3 frilled lizards
  2 rats
58 creatures vanquished.

Notes
Turn   | Place    | Note
-------+----------+-------------------------------------------
     0 | D:1      | qw the Minotaur Hexslinger began the quest for the Orb.
     0 | D:1      | Reached XP level 1. HP: 16/16 MP: 1/1
     0 | D:1      | 0 ||| qw: Version: 0.3-a-46-gb1f654a
     0 | D:1      | 0 ||| qw: Game counter: 1263
     0 | D:1      | 0 ||| qw: Melee chars always use a shield: true
     0 | D:1      | 0 ||| qw: God list: Okawaru
     0 | D:1      | 0 ||| qw: Allow faded altars: false
     0 | D:1      | 0 ||| qw: Do Orc after clearing Dungeon:15 true
     0 | D:1      | 0 ||| qw: Do second Lair branch before Depths: true
     0 | D:1      | 0 ||| qw: Lair rune preference: random
     0 | D:1      | 0 ||| qw: Goals: Normal
     0 | D:1      | 0 ||| PLANNING D:1-11
   345 | D:1      | Found Qusefemp's Distillery.
   349 | D:1      | Reached skill level 3 in Ranged Weapons
   353 | D:1      | 353 ||| SHOPLISTING 2 potions of heal wounds (120 gold,
                  | have 20).
   353 | D:1      | 353 ||| SHOPLISTING potion of cancellation (96 gold, have
                  | 20).
   353 | D:1      | 353 ||| SHOPLISTING potion of curing (36 gold, have 20).
   353 | D:1      | 353 ||| SHOPLISTING potion of might (48 gold, have 20).
   353 | D:1      | 353 ||| SHOPLISTING potion of resistance (120 gold, have
                  | 20).
   382 | D:1      | Reached XP level 2. HP: 20/23 MP: 2/2
   836 | D:1      | 836 ||| UPGRADING to +3 leather armour.
   846 | D:1      | 846 ||| DROPPING +0 robe.
   847 | D:1      | 847 ||| DROPPING +6 ring of intelligence.
   848 | D:1      | 848 ||| UPGRADING to +6 ring of strength.
   849 | D:1      | 849 ||| READING scroll labelled AGIOKYAQUI.
   850 | D:1      | 850 ||| DROPPING scroll of poison.
  1002 | D:2      | Reached XP level 3. HP: 30/30 MP: 3/3
  1513 | D:2      | Reached skill level 4 in Ranged Weapons
  1560 | D:2      | 1560 ||| UPGRADING to +2 pair of gloves of hurling.
  1565 | D:2      | 1565 ||| DROPPING ring of magical power.
  1566 | D:2      | 1566 ||| READING scroll labelled EBLUXA MATS.
  1571 | D:2      | 1571 ||| READING scroll labelled OFUTRO VAMAROU.
  1572 | D:2      | 1572 ||| DRINKING 2 sedimented inky potions.
  1573 | D:2      | 1573 ||| READING 3 scrolls of identify.
  1573 | D:2      | 1573 ||| IDENTIFYING fuming black potion
  1574 | D:2      | 1574 ||| READING 2 scrolls of identify.
  1574 | D:2      | 1574 ||| IDENTIFYING fuming brown potion
  1575 | D:2      | 1575 ||| DROPPING potion of brilliance.
  1594 | D:3      | Noticed Jessica
  1600 | D:3      | Killed Jessica
  1601 | D:3      | Reached XP level 4. HP: 37/37 MP: 4/4
  1670 | D:3      | Noticed Robin
  1671 | D:3      | 1671 ||| Stepping ~*~*~tactically~*~*~ (outnumbered).
  1695 | D:3      | Killed Robin
  1706 | D:3      | 1706 ||| FLEEEEING.
  1707 | D:3      | 1707 ||| FLEEEEING.
  1708 | D:3      | 1708 ||| FLEEEEING.
  1709 | D:3      | 1709 ||| FLEEEEING.
  1710 | D:3      | 1710 ||| FLEEEEING.
  1711 | D:3      | 1711 ||| FLEEEEING.
  1713 | D:3      | 1713 ||| FLEEEEING.
  1714 | D:3      | 1714 ||| FLEEEEING.
  1715 | D:3      | 1715 ||| FLEEEEING.
  1716 | D:3      | 1716 ||| FLEEEEING.
  1717 | D:3      | 1717 ||| FLEEEEING.
  1718 | D:3      | 1718 ||| FLEEEEING.
  1719 | D:3      | 1719 ||| FLEEEEING.
  1720 | D:3      | 1720 ||| FLEEEEING.
  1721 | D:3      | 1721 ||| FLEEEEING.
  1722 | D:3      | 1722 ||| FLEEEEING.
  1723 | D:3      | 1723 ||| FLEEEEING.
  1724 | D:3      | 1724 ||| FLEEEEING.
  1725 | D:3      | 1725 ||| FLEEEEING.
  1726 | D:3      | 1726 ||| FLEEEEING.
  1727 | D:3      | 1727 ||| FLEEEEING.
  1728 | D:3      | 1728 ||| FLEEEEING.
  1729 | D:3      | 1729 ||| FLEEEEING.
  1730 | D:3      | 1730 ||| FLEEEEING.
  1731 | D:3      | 1731 ||| FLEEEEING.
  1732 | D:3      | 1732 ||| FLEEEEING.
  1733 | D:3      | 1733 ||| FLEEEEING.
  1734 | D:3      | 1734 ||| FLEEEEING.
  1735 | D:3      | 1735 ||| FLEEEEING.
  1736 | D:3      | 1736 ||| FLEEEEING.
  1737 | D:3      | 1737 ||| STAIRDANCE
  1784 | D:2      | 1784 ||| UPGRADING to +2 hat.
  1789 | D:2      | 1789 ||| READING scroll labelled ROSOANG OXKUGI.
  1838 | D:3      | Reached skill level 5 in Ranged Weapons
  1866 | D:3      | Found a shimmering blue altar of Sif Muna.
  1866 | D:3      | Found a glowing silver altar of Zin.
  1914 | D:3      | Noticed an ogre
  1921 | D:3      | Killed an ogre
  1922 | D:3      | Reached XP level 5. HP: 45/46 MP: 5/5
  2027 | D:3      | Found an iron altar of Okawaru.
  2027 | D:3      | Found a burning altar of Makhleb.
  2028 | D:3      | 2028 ||| PLANNING OKAWARU WORSHIP
  2029 | D:3      | 2029 ||| READING scroll labelled XEDYN AC ZAFF.
  2030 | D:3      | 2030 ||| READING scroll labelled BOUSOX UTHIGG.
  2111 | D:3      | Found a shadowy altar of Dithmenos.
  2111 | D:3      | Found a radiant altar of Vehumet.
  2112 | D:3      | Found a hide-covered altar of Uskayaw.
  2112 | D:3      | Found a snail-covered altar of Cheibriados.
  2112 | D:3      | Found a broken altar of Ashenzari.
  2118 | D:3      | Became a worshipper of Warmaster Okawaru
  2119 | D:3      | 2119 ||| PLANNING D:1-11
  2126 | D:3      | Noticed Natasha
  2133 | D:3      | Killed Natasha
  2222 | D:3      | Noticed Terence
  2238 | D:3      | Killed Terence
  2290 | D:3      | 2290 ||| READING scroll labelled DAOLECV GUAM.
  2323 | D:4      | 2323 ||| PLANNING SEWER
  2336 | D:4      | Noticed Sigmund
  2353 | D:4      | HP: 11/46 [poisoned by Sigmund]
  2355 | D:4      | HP: 4/46 [poisoned by Sigmund]
  2355 | D:4      | Slain by Sigmund

Levels and vault maps discovered:
D:1:      dpeg_arrival_signposts, layout_basic, serial_shops,
          nicolae_shop_tiny_glass, serial_co_window_serial,
          co_window_of_opportunity_a, co_window_corner_a,
          co_window_of_opportunity_a, co_window_of_opportunity_a,
          co_window_paths_a, co_window_cross_2, co_window_broadway_a,
          co_window_broadway_a, co_window_4corner_b, glass_columns_c,
          glass_columns_a, chequers_serial_rivers_small_a,
          amcnicky_mini_pool_small
D:2:      layout_loops_ring, chequers_serial_rivers_small_b
D:3:      layout_rooms, nicolae_overflows_in_rows, uniq_natasha, uniq_jessica,
          uniq_robin, uniq_terence
D:4:      layout_basic, ebering_ghost_reflecting_pool, gup_sewer_entry_bowl,
          hex_intersection, serial_bayou_pond_c, hangedman_decor_peaks_small,
          uniq_sigmund

Skill      XL: |  1  2  3  4 |
---------------+-------------+-----
Ranged Weapons | 3 4 5 |  5.6
Fighting       | 2 4 |  4.3
Dodging        | |  2.1
Spellcasting   | |  1.0
Hexes          | |  2.0

Action                     |  1- 3 |  4- 6 || total
---------------------------+-------+-------++-------
   Fire: Sling             |    96 |   107 ||   203
    Use: Scroll            |     5 |     4 ||     9
         Potion            |     1 |       ||     1
 Armour: Robe              |     1 |       ||     1
         Leather armour    |    13 |    33 ||    46
  Dodge: Dodged            |    25 |    62 ||    87

Table legend:
 A = Non-vault XP
 B = Vault XP
 C = Vault XP percentage of total XP
 D = Non-vault monster count
 E = Vault monster count
 F = Vault count percentage of total count
                 A         B        C        D         E       F
            +---------+---------+-------+---------+---------+-------
      Total |     217 |     149 |  40.7 |      42 |      16 |  27.6
            +---------+---------+-------+---------+---------+-------
        D:1 |      21 |       0 |   0.0 |      11 |       0 |   0.0
        D:2 |      59 |       0 |   0.0 |      18 |       0 |   0.0
        D:3 |     130 |     149 |  53.4 |       9 |      16 |  64.0
        D:4 |       7 |       0 |   0.0 |       4 |       0 |   0.0
            +---------+---------+-------+---------+---------+-------
